 Dungeon Crawl Stone Soup version 0.30-a0-862-g1aabd4f9c5 (webtiles) character file.

Game seed: 16947058263899557517

898 bande the Covered (level 8, -2/48 HPs)
             Began as a Gargoyle Fighter on Mar 8, 2023.
             Slain by a gnoll bouda
             ... wielding a +0 club
              (14 damage)
             ... on level 5 of the Dungeon.
             The game lasted 00:06:53 (5071 turns).

bande the Covered (Gargoyle Fighter)                Turns: 5071, Time: 00:06:54

Health: -2/48      AC: 18    Str: 19    XL:     8   Next: 7%
Magic:  8/8        EV:  5    Int: 10    God:
Gold:   262        SH:  5    Dex: 17    Spells: 7/7 levels left

rFire   . . .      SeeInvis .    a - +1 war axe (heavy)
rCold   . . .      Faith    .    c - +0 buckler
rNeg    + . .      Spirit   .    t - +0 plate armour
rPois   ∞          Reflect  .    (no helmet)
rElec   +          Rampage  .    (no cloak)
rCorr   +                        (no gloves)
Will    .....                    (no boots) Stlth
                                 (no amulet)
HPRegen 0.28/turn                f - ring of resist corrosion
MPRegen 0.11/turn                u - +6 ring of dexterity

@: weakened
A: sickness immunity, AC +5, negative energy resistance 1, electricity
resistance, torment resistance 1, petrification resistance
a: no special abilities


You were on level 5 of the Dungeon.
You visited 1 branch of the dungeon, and saw 5 of its levels.

You collected 262 gold pieces.

Inventory:

Hand Weapons
 a - a +1 heavy war axe (weapon)
 z - a +0 morningstar
Armour
 c - a +0 buckler (worn)
 t - a +0 plate armour (worn)
Jewellery
 f - a ring of resist corrosion (left hand)
 u - a +6 ring of dexterity (right hand)
Wands
 r - a wand of paralysis (4)
 y - a wand of roots (7)
Scrolls
 e - a scroll of enchant weapon
 g - a scroll of magic mapping
 k - 4 scrolls of identify
Potions
 b - 2 potions of cancellation {unknown}
 d - 2 potions of haste {unknown}
 j - 4 potions of curing {unknown}
 l - 2 potions of degeneration {unknown}
 m - 2 potions of brilliance {unknown}
 s - 2 potions of attraction {unknown}
 x - a potion of heal wounds {unknown}


   Skills:
 + Level 4.9 Fighting
 + Level 5.2 Axes
 + Level 5.5 Armour
 - Level 0.1 Dodging
 + Level 4.5 Shields
 * Level 2.8 Evocations


You had 7 spell levels left.
You didn't know any spells.
Your spell library contained the following spells:

 Spells                   Type           Power      Damage    Failure   Level
 Apportation              Tloc           0%         N/A       100%        1
 Necrotise                Necr           0%         1d4       100%        1
 Slow                     Hex            0%         N/A       100%        1
 Summon Small Mammal      Summ           0%         N/A       100%        1
 Static Discharge         Conj/Air       0%         2-2/arc   100%        2
 Confusing Touch          Hex            0%         N/A       100%        3
 Dazzling Flash           Conj/Hex       0%         N/A       100%        3
 Vampiric Draining        Necr           0%         2d6       100%        3
 Vhi's Electric Charge    Tloc/Air       0%         N/A       100%        3
 Iskenderun's Mystic Bla  Conj/Tloc      0%         2d3       100%        4
 Petrify                  Tmut/Erth      0%         N/A       100%        4
 Arcjolt                  Conj/Air       0%         1d10      100%        5
 Irradiate                Conj/Tmut      0%         3d11      100%        5
 Lightning Bolt           Conj/Air       0%         1d11      100%        5
 Summon Forest            Summ/Tloc      0%         N/A       100%        5
 Summon Mana Viper        Hex/Summ       0%         N/A       100%        5
 Starburst                Conj/Fire      0%         6d3       100%        6
 Summon Cactus Giant      Summ           0%         N/A       100%        6
 Sublimation of Blood     Necr           Unusable   N/A       N/A         2

Dungeon Overview and Level Annotations

Branches:
Dungeon (5/15)
 Temple: D:4-7

Altars:
Elyvilon
Xom
Zin

Shops:
D:3 *

Annotations:
D:1 1 transporter


Innate Abilities, Weirdness & Mutations

You are immune to sickness and miasma.
Your stone body is resilient. (AC +5)
You are immune to poison.
You resist negative energy. (rN+)
You are resistant to electric shocks. (rElec)
You are resistant to unholy torment.
You are immune to petrification.


Message History

You are too injured to fight recklessly!
You are too injured to fight recklessly!
You are too injured to fight recklessly!
You are too injured to fight recklessly!
You are too injured to fight recklessly!
You are too injured to fight recklessly!
You hit the gnoll but do no damage.
The gnoll is moderately wounded.
The gnoll hits you but does no damage. You block the gnoll's attack.
You barely miss the gnoll.
The gnoll is moderately wounded.
The gnoll hits you but does no damage.
You slash the gnoll!
You kill the gnoll!
A gnoll bouda comes into view. It is wielding a +0 club.
You see here a +0 halberd.
The gnoll bouda shouts!
The gnoll bouda gazes fiercely through you!
You feel your attacks grow feeble.
Things that are here:
a +0 flail; a gnoll corpse The gnoll bouda drinks a potion.
The gnoll bouda seems to grow stronger.
You see here a +0 halberd.
The gnoll bouda barely misses you.
You slash the gnoll bouda!
The gnoll bouda is severely wounded.
The gnoll bouda hits you but does no damage. x2
You closely miss the gnoll bouda.
The gnoll bouda is severely wounded.
Your attacks no longer feel as feeble.
The gnoll bouda gazes fiercely through you!
You feel your attacks grow feeble.
The gnoll bouda hits you with a +0 club!
The gnoll bouda hits you with a +0 club.
* * * LOW HITPOINT WARNING * * *
You completely miss the gnoll bouda.
The gnoll bouda is severely wounded.
The gnoll bouda hits you but does no damage.
The gnoll bouda hits you with a +0 club!
You die...

## .# .# ################ .#
#............).#
.####.##########.#.#** #####
...##.# ####..)#,g.** #...#
##.##.# #...)###**..# #.#..
#.>..# #.##).)#,,,.# #...#
*#.#..# #,*###@#,**,# ##.##
...#..# *,* #g..#*,* #..# .###..#
*,* ##>##*,* #..⌠ .*
#..#****,*****.# *.########.##
,**#...,,,,,,,,,,.# *..........##
,,,.....,,,,*****## *#######.####
,**#.###***##############........
*****,,,,,,......................
,,,,*,,****########.#####........


You could see a gnoll bouda (strong).

Vanquished Creatures
  An orc warrior (D:5)
  An ogre (D:4)
  3 phantoms
  A bullfrog (D:5)
  A scorpion (D:5)
  2 hounds
  An orc wizard (D:3)
  A sleepcap (D:5)
  An adder (D:5)
  15 gnolls
  2 white imps (D:5)
  3 dart slugs (D:1)
  10 orcs
  8 endoplasms
  A giant cockroach (D:3)
  8 goblins
  6 hobgoblins
  18 jackals
  3 quokkas
  5 ball pythons
  2 bats (D:1)
  7 kobolds
  5 rats
105 creatures vanquished.

Notes
Turn   | Place    | Note
-------+----------+-------------------------------------------
     0 | D:1      | bande the Gargoyle Fighter began the quest for the Orb.
     0 | D:1      | Reached XP level 1. HP: 14/14 MP: 1/1
   130 | D:1      | Reached XP level 2. HP: 18/19 MP: 2/2
   176 | D:1      | Reached XP level 3. HP: 12/24 MP: 3/3
  1147 | D:2      | Reached XP level 4. HP: 29/29 MP: 4/4
  1637 | D:3      | Found Fitrafri's Assorted Antiques.
  1722 | D:3      | Paralysed by a hobgoblin for 2 turns
  1726 | D:3      | Paralysed by a hobgoblin for 3 turns
  2086 | D:3      | You fall into a shaft and drop 2 floors!
  2086 | D:5      | Entered Level 5 of the Dungeon
  2089 | D:5      | Noticed a bullfrog
  2089 | D:5      | Noticed a scorpion
  2096 | D:5      | Killed a scorpion
  2097 | D:5      | Reached XP level 5. HP: 19/33 MP: 5/5
  2098 | D:5      | Reached skill level 1 in Evocations
  2134 | D:5      | Found a shimmering altar of Xom.
  2134 | D:5      | Found a shimmering altar of Xom.
  2137 | D:5      | Reached XP level 6. HP: 33/38 MP: 6/6
  2153 | D:5      | Found a shimmering altar of Xom.
  2153 | D:5      | Found a shimmering altar of Xom.
  2153 | D:5      | Found a shimmering altar of Xom.
  2154 | D:5      | Found a shimmering altar of Xom.
  2155 | D:5      | Found a shimmering altar of Xom.
  2163 | D:5      | Found a shimmering altar of Xom.
  2166 | D:5      | Found a shimmering altar of Xom.
  2483 | D:3      | Found a white marble altar of Elyvilon.
  3566 | D:4      | Reached XP level 7. HP: 17/44 MP: 7/7
  3926 | D:4      | Found a glowing silver altar of Zin.
  4307 | D:5      | Reached skill level 5 in Armour
  4745 | D:5      | Reached skill level 5 in Axes
  4998 | D:5      | Reached XP level 8. HP: 46/48 MP: 8/8
  5071 | D:5      | Slain by a gnoll bouda

Illustrated notes

Levels and vault maps discovered:
D:1:      spicycebolla_arrival_risky_transporter, layout_basic, minivault_24
D:2:      layout_loops_ring, hangedman_decor_points, minmay_misc_feat_pillars,
          kennysheep_generic_room_8
D:3:      layout_loops_ring, elyvilon_altar_4, serial_shops, shop
D:4:      minmay_wonky_spiral, layout_layer_cave, zin_statuary
D:5:      layout_loops_ring, xom_redecorated, nicolae_qazlal_eye_of_the_storm

Skill      XL: |  1  2  3  4  5  6  7 |
---------------+----------------------+-----
Axes           | 2 3 4 5 |  5.2
Fighting       | 4 |  4.9
Armour         | 4 5 |  5.5
Shields        | 4 |  4.5
Evocations     | 1 2 |  2.8
Dodging        | |  0.1

Action                     |  1- 3 |  4- 6 |  7- 9 || total
---------------------------+-------+-------+-------++-------
  Melee: War axe           |   108 |    98 |    99 ||   305
    Use: Potion            |       |     1 |       ||     1
         Scroll            |       |       |    10 ||    10
 Armour: Scale mail        |    66 |       |       ||    66
         Chain mail        |    14 |    23 |       ||    37
         Plate armour      |       |    53 |    59 ||   112
  Dodge: Dodged            |    53 |    36 |    40 ||   129
  Block: Buckler           |    30 |    31 |    37 ||    98

Table legend: (Time is in decaauts)
 A = Elapsed time spent in this place.
 B = Non-inter-level travel time spent in this place.
 C = Inter-level travel time spent in this place.
 D = Time resting spent in this place.
 E = Time spent auto-exploring this place.
 F = Levels seen in this place.
 G = Mean time per level.
                   A        B        C        D        E       F      G
               +--------+--------+--------+--------+--------+-----+--------+
         Total |   5215 |   4974 |    241 |    599 |   3519 |   5 | 1043.0 |
       Dungeon |   5215 |   4974 |    241 |    599 |   3519 |   5 | 1043.0 |
               +--------+--------+--------+--------+--------+-----+--------+

Top non-repeatable levels by time:
     D:4: 1736 daAuts
     D:5: 1046 daAuts
     D:1: 859 daAuts
     D:3: 813 daAuts
     D:2: 760 daAuts
